 Dungeon Crawl Stone Soup version 0.25-a0-528-g6b7c99946c (webtiles) character file.

Game seed: 558533539073853137, levelgen mode: deterministic

23874 Flugslaktarn the Cleaver (level 12, -2/112 HPs)
             Began as a Deep Dwarf Fighter on Feb 19, 2020.
             Was a Priest of Makhleb.
             Slain by a two-headed ogre
             ... wielding a +0 giant spiked club
              (18 damage)
             ... on level 15 of the Dungeon.
             The game lasted 00:08:34 (9226 turns).

Flugslaktarn the Cleaver (Deep Dwarf Fighter)       Turns: 9226, Time: 00:08:35

Health: -2/112     AC: 19    Str: 24    XL:     12   Next: 75%
Magic:  12/12      EV:  4    Int: 10    God:    Makhleb [***...]
Gold:   824        SH: 20    Dex: 12    Spells: 11/11 levels left

rFire    . . .     SeeInvis .   g - +2 war axe (curse)
rCold    . . .     Gourm    .   B - +2 tower shield
rNeg     . . .     Faith    .   D - +0 plate armour
rPois    .         Spirit   .   G - +0 helmet
rElec    .         Reflect  .   F - +0 cloak
rCorr    .         Harm     .   j - +0 pair of gloves
MR       ++...                  (no boots)
Stlth    ..........             (no amulet)
HPRegen  0.00/turn              m - ring of protection from magic
MPRegen  0.13/turn              (no ring)

@: non-regenerating
A: damage resistance, heal wounds, sense surroundings 2, no regeneration
a: Heal Wounds, Minor Destruction, Lesser Servant of Makhleb, Renounce Religion


You were on level 15 of the Dungeon.
You worshipped Makhleb.
Makhleb was most pleased with you.
You were not hungry.

You visited 2 branches of the dungeon, and saw 16 of its levels.
You visited the Abyss 1 time.

You collected 824 gold pieces.

Inventory:

Hand Weapons
 a - a +0 war axe
 c - a +3 hand axe of venom
   (You found it on level 1 of the Dungeon)
 g - a cursed +2 war axe (weapon)
   (You took it off a wight on level 13 of the Dungeon)
Armour
 j - a +0 pair of gloves (worn)
   (You found it on level 1 of the Dungeon)
 B - a +2 tower shield (worn)
   (You took it off a vault guard on level 12 of the Dungeon)
 D - a +0 plate armour (worn)
   (You found it on level 14 of the Dungeon)
 F - a +0 cloak (worn)
   (You took it off Maurice on level 13 of the Dungeon)
 G - a +0 helmet (worn)
   (You found it on level 14 of the Dungeon)
Jewellery
 m - a ring of protection from magic (left hand)
   (You found it on level 9 of the Dungeon)
 E - the ring of Qag Vism {rF- MR+ MP+9 Str+3 SInv}
   (You found it on level 13 of the Dungeon)

   [ring of magical power]

   It affects your strength (+3).
   It makes you vulnerable to fire.
   It affects your resistance to hostile enchantments.
   It affects your magic capacity (+9).
   It lets you see invisible.
Wands
 l - a wand of iceblast (16)
   (You found it on level 2 of the Abyss)
 u - a wand of acid (7)
   (You found it on level 4 of the Dungeon)
 v - a wand of digging (6)
   (You found it on level 6 of the Dungeon)
Scrolls
 i - 6 scrolls of remove curse
 p - 3 scrolls of enchant weapon
 r - 4 scrolls of identify
 t - 8 scrolls of teleportation
 y - a scroll of fear
 z - 2 scrolls of blinking
 C - 2 scrolls of magic mapping
Potions
 b - a potion of cancellation
 d - a potion of might
 f - 4 potions of brilliance
 h - 5 potions of stabbing
 k - 2 potions of ambrosia
 n - 3 potions of lignification
 q - a potion of curing
 w - 3 potions of heal wounds
 x - a potion of magic
 A - a potion of mutation
Comestibles
 e - 15 rations
 o - 2 chunks of flesh


   Skills:
 + Level 8.7 Fighting
 * Level 13.6 Axes
 + Level 10.3 Armour
 + Level 10.4 Shields
 + Level 11.0 Invocations


You had 11 spell levels left.
You didn't know any spells.
Your spell library was empty.

Dungeon Overview and Level Annotations

Branches:
Dungeon (15/15)            Temple (1/1) D:4            Lair (0/6) D:11
    Orc (0/2) D:10         Vaults (0/5) D:14
 Depths: D:15

Altars:
Ashenzari
Cheibriados
Dithmenos
Elyvilon
Fedhas
Gozag
Hepliaklqana
Kikubaaqudgha
Makhleb
Nemelex Xobeh
Okawaru
Qazlal
Ru
Sif Muna
Trog
Uskayaw
Vehumet
Wu Jian
Xom
Yredelemnul
Zin
The Shining One

Shops:
D:5 *

Portals:
Trove: D:12 (give 13 potions of heal wounds)

Annotations:
D:7 3 runed translucent doors, Tux's ghost, novice VSGl; Wiebster667's ghost, novice OpFi
D:14 exclusion: obsidian statue


Innate Abilities, Weirdness & Mutations

You are resistant to damage.
You can heal yourself by infusing magical energy.
You passively map the area around you.
You do not regenerate.


Message History

* * * LOW HITPOINT WARNING * * *
You block the two-headed ogre's attack.
The two-headed ogre hits you but does no damage.
The two-headed ogre hits you with a +0 giant spiked club.
* * * LOW HITPOINT WARNING * * *
The two-headed ogre hits you with a +0 giant spiked club.
The ogre mage hits you but does no damage.
You slash the two-headed ogre!
You kill the two-headed ogre!
Makhleb accepts your kill.
You feel better.
Your Invocations skill increases to level 11!
You hit the ogre but do no damage. You slash the two-headed ogre!
You hit the two-headed ogre.
The ogre mage hits you but does no damage.
You block the ogre's attack.
The two-headed ogre hits you with a +0 giant spiked club!
* * * LOW HITPOINT WARNING * * *
The two-headed ogre hits you with a +0 giant spiked club!!
You die...

, #.. * , , ,, #). , , ,,
## * .#+####.## ..,*
#....## ..^......####.# #..
..., ......#..#....#
#.##.###.* .......<....#*
####........
.....#.....(####...........
.#+ #...........O.........
, * ,*
#.รท........@).))......
#..........OOO........ *
#..............####### ,*,*
#####..........# ,
#..........# * #....#######
* ###### ,* *,*


You could see 2 two-headed ogres, an ogre mage and an ogre.

Vanquished Creatures
  A tentacled starspawn (Abyss:2)
  A vault guard (D:12)
  A hydra (D:14)
  3 two-headed ogres
  4 unseen horrors
  A manticore (D:12)
  A wolf spider (D:12)
  2 cyclopes (D:14)
  A centaur zombie (D:13)
  An eye of devastation (shapeshifter) (D:14)
  Maurice (D:13)
  Psyche (D:8)
  A gargoyle (D:11)
  3 centaur skeletons
  2 kobold demonologists (D:13)
  A tengu conjurer (D:14)
  A wind drake (shapeshifter) (D:13)
  A hornet (D:13)
  2 trolls
  A harpy skeleton (D:14)
  A hornet (shapeshifter) (D:14)
  5 hippogriffs
  A wraith (D:13)
  Sigmund (D:5)
  A vampire (D:11)
  A wyvern (D:13)
  A shadow (D:12)
  5 yaks (D:12)
  A steam dragon (D:11)
  2 hungry ghosts
  An acid dragon (D:13)
  3 sky beasts
  4 orc warriors
  2 black bears
  8 ogres
  An eye of draining (D:10)
  5 ice beasts
  5 phantoms
  10 centaurs
  A crocodile (D:11)
  2 big kobolds
  2 wyvern zombies
  7 bullfrogs
  5 scorpions
  14 killer bees
  4 wights (D:13)
  5 howler monkeys
  A bullfrog zombie (D:7)
  7 crimson imps
  2 bullfrog skeletons
  A jelly (shapeshifter) (D:13)
  5 hounds
  4 jellies
  2 orc priests
  6 orc wizards
  5 iguanas
  9 worker ants
  A worker ant zombie (D:6)
  7 gnolls
  10 adders
  A shadow imp (D:6)
  5 oozes (D:8)
  An adder skeleton (D:4)
  2 worms (D:2)
  4 leopard geckos
  12 orcs
  5 giant cockroaches
  2 goblins
  4 hobgoblins
  8 jackals
  5 quokkas
  2 ball pythons
  2 bats
  7 frilled lizards
  9 kobolds
  A leopard gecko skeleton (D:8)
  2 quokka skeletons
  4 rats
  A butterfly (D:8)
  5 fungi (D:11)
  A plant (D:11)
  2 starspawn tentacles (Abyss:2)
273 creatures vanquished.

Vanquished Creatures (collateral kills)
  Nessos (D:13)
  An ettin (D:14)
  A hydra (D:14)
  A hydra (shapeshifter) (D:13)
  A cyclops (D:14)
  A black mamba (shapeshifter) (D:14)
  A centaur skeleton (D:14)
  A troll (D:14)
  A shadow (D:14)
  A wyvern (D:14)
  A wight (D:13)
  An iguana (D:14)
  A shadow imp (D:14)
13 creatures vanquished.

Vanquished Creatures (others)
  A kobold (D:13)
  2 fungi (D:11)
  3 starspawn tentacles (Abyss:2)
6 creatures vanquished.

Grand Total: 292 creatures vanquished

Notes
Turn   | Place    | Note
-------+----------+-------------------------------------------
     0 | D:1      | Flugslaktarn the Deep Dwarf Fighter began the quest for the
                  | Orb.
     0 | D:1      | Reached XP level 1. HP: 20/20 MP: 1/1
   289 | D:1      | Reached XP level 2. HP: 27/27 MP: 2/2
   732 | D:2      | Reached XP level 3. HP: 33/33 MP: 3/3
   811 | D:2      | Reached skill level 3 in Axes
   998 | D:4      | Found the +4 robe of Augmentation {Str+4 Int+4 Dex+4}
  1113 | D:4      | Noticed an ogre
  1120 | D:4      | Killed an ogre
  1120 | D:4      | Reached skill level 4 in Axes
  1120 | D:4      | Reached XP level 4. HP: 34/42 MP: 4/4
  1120 | D:4      | Reached XP level 5. HP: 40/49 MP: 5/5
  1215 | D:4      | Found a staircase to the Ecumenical Temple.
  1235 | Temple   | Entered the Ecumenical Temple
  1333 | Temple   | Became a worshipper of Makhleb the Destroyer
  1789 | D:4      | Noticed an ogre
  1795 | D:4      | Killed an ogre
  1795 | D:4      | Reached skill level 1 in Invocations
  1795 | D:4      | Reached XP level 6. HP: 24/57 MP: 6/6
  1866 | D:5      | Entered Level 5 of the Dungeon
  1983 | D:5      | Reached skill level 5 in Axes
  2050 | D:5      | Noticed a sky beast
  2067 | D:5      | Killed a sky beast
  2067 | D:5      | Reached XP level 7. HP: 27/64 MP: 7/7
  2206 | D:5      | Found Dylwyh's Desiderata Depot.
  2305 | D:5      | Reached skill level 5 in Armour
  2410 | D:5      | Reached skill level 5 in Shields
  2413 | D:5      | Reached * piety under Makhleb
  2437 | D:5      | Noticed Sigmund
  2454 | D:5      | Killed Sigmund
  2454 | D:5      | Reached skill level 6 in Axes
  2468 | D:5      | Found a sand-covered staircase.
  2781 | D:6      | Reached XP level 8. HP: 39/73 MP: 9/9
  3079 | D:6      | Reached skill level 7 in Axes
  3429 | D:7      | Reached skill level 5 in Fighting
  3500 | D:7      | Found a runed translucent gate.
  3501 | D:7      | Found a runed translucent gate.
  3506 | D:7      | Found a runed translucent gate.
  3507 | D:7      | Noticed Tux's ghost (novice VSGl)
  3507 | D:7      | Noticed Wiebster667's ghost (novice OpFi)
  3550 | D:7      | Reached skill level 5 in Invocations
  3836 | D:8      | Reached ** piety under Makhleb
  3836 | D:8      | Gained mutation: You passively map the area around you.
                  | [Deep Dwarf growth]
  3836 | D:8      | Reached XP level 9. HP: 50/81 MP: 11/11
  3848 | D:8      | Reached skill level 8 in Axes
  4074 | D:8      | Found a shimmering altar of Xom.
  4372 | D:8      | Noticed Psyche
  4384 | D:8      | Cast into level 1 of the Abyss (Psyche)
  4417 | Abyss:2  | Noticed a tentacled starspawn
  4439 | Abyss:2  | Killed a tentacled starspawn
  4439 | Abyss:2  | Reached skill level 9 in Axes
  4439 | Abyss:2  | Reached XP level 10. HP: 67/91 MP: 10/12
  4441 | D:8      | Escaped the Abyss
  4443 | D:8      | Killed Psyche
  4443 | D:8      | Reached skill level 10 in Axes
  5415 | D:10     | Entered Level 10 of the Dungeon
  5732 | D:10     | Found a staircase to the Orcish Mines.
  5766 | D:10     | Killed an unseen horror
  5879 | D:10     | Reached skill level 11 in Axes
  5882 | D:10     | Reached *** piety under Makhleb
  6101 | D:11     | Noticed a gargoyle
  6133 | D:11     | Killed a gargoyle
  6133 | D:11     | Reached XP level 11. HP: 51/100 MP: 14/14
  6380 | D:11     | Found a staircase to the Lair.
  6894 | D:12     | Noticed a wolf spider
  6909 | D:12     | Killed a wolf spider
  7121 | D:12     | Reached **** piety under Makhleb
  7129 | D:12     | Killed an unseen horror
  7167 | D:12     | Reached skill level 12 in Axes
  7353 | D:12     | Noticed a vault guard
  7385 | D:12     | Killed a vault guard
  7417 | D:12     | Found a portal to a secret trove of treasure.
  7697 | D:13     | Killed an unseen horror
  7716 | D:13     | Noticed a sixfirhy
  7727 | D:13     | Noticed Nessos
  7741 | D:13     | Reached XP level 12. HP: 44/110 MP: 15/15
  7750 | D:13     | Killed Nessos
  7751 | D:13     | Noticed a two-headed ogre
  7806 | D:13     | Reached skill level 10 in Invocations
  7808 | D:13     | Killed a two-headed ogre
  7890 | D:13     | Noticed an eight-headed hydra
  7899 | D:13     | Killed an eight-headed hydra
  8046 | D:13     | Noticed Maurice
  8084 | D:13     | Found a shimmering altar of Xom.
  8113 | D:13     | Killed Maurice
  8152 | D:13     | Got a translucent platinum ring
  8570 | D:14     | Reached skill level 13 in Axes
  8581 | D:14     | Noticed a six-headed hydra
  8596 | D:14     | Killed a six-headed hydra
  8596 | D:14     | Reached skill level 10 in Shields
  8634 | D:14     | Reached skill level 10 in Armour
  8714 | D:14     | Noticed a two-headed ogre
  8722 | D:14     | Killed a two-headed ogre
  8774 | D:14     | Found the +10 zealot's sword {holy, *Rage rN+ EV+3}
  8846 | D:14     | Noticed a five-headed hydra
  8852 | D:14     | Killed a five-headed hydra
  8983 | D:14     | Noticed an ettin
  9013 | D:14     | Killed an ettin
  9038 | D:14     | Found a gate to the Vaults.
  9150 | D:14     | Identified the ring of Qag Vism {rF- MR+ MP+9 Str+3 SInv}
                  | (You found it on level 13 of the Dungeon)
  9177 | D:15     | Entered Level 15 of the Dungeon
  9202 | D:15     | Noticed a two-headed ogre
  9202 | D:15     | Noticed an ogre mage
  9203 | D:15     | Noticed a two-headed ogre
  9204 | D:15     | Noticed a two-headed ogre
  9225 | D:15     | HP: 3/112 [two-headed ogre/+0 giant spiked club (4)]
  9226 | D:15     | Killed a two-headed ogre
  9226 | D:15     | Slain by a two-headed ogre

Levels and vault maps discovered:
D:1:      shiori_arrival_oz, layout_basic
D:2:      layout_loops_corners
D:3:      layout_loops_cross, first_ration
D:4:      layout_loops_corners, minmay_temple_entry_antechambers
D:5:      layout_loops_corners, nicolae_ossuary_entry_monument,
          minmay_misc_feat_square, chequers_serial_rivers_micro_c,
          kennysheep_donut, nicolae_alphabet_shops, uniq_sigmund
D:6:      layout_cave_pools
D:7:      layout_cave_pools, gammafunk_ghost_cemetery, minivault_26
D:8:      layout_cave_pods, xom_butterflies, hangedman_little_slice_of_home,
          uniq_psyche
D:9:      layout_basic, kennysheep_generic_room_11
D:10:     layout_cave_pools, orc_0_dummy
D:11:     layout_cave_pods, due_lair_maze_entry_diamond
D:12:     layout_basic, enter_trove_5, eino_tiny_chamber
D:13:     layout_loops_ring, basic_altar, uniq_nessos, uniq_maurice
D:14:     layout_cave_pools, david_vaults_4, chequers_serial_rivers_marsh,
          minivault_15
D:15:     grunt_enter_depths_snipers, layout_basic, elyvilon_altar_4
Temple:   kilobyte_greek_temple

Skill      XL: |  1  2  3  4  5  6  7  8  9 10 11 12 |
---------------+-------------------------------------+-----
Fighting       | 3 4 5 6 7 8 |  8.7
Axes           | 4 5 6 7 9 11 12 13 | 13.6
Armour         | 4 5 6 7 8 9 10 | 10.3
Shields        | 4 5 6 7 8 9 10 | 10.4
Invocations    | 1 2 3 5 7 8 9 11 | 11.0

Action                   |  1- 3 |  4- 6 |  7- 9 | 10-12 || total
-------------------------+-------+-------+-------+-------++-------
Melee: War axe           |    23 |       |       |   129 ||   152
       Hand axe          |    57 |    64 |   327 |   649 ||  1097
Invok: Lesser Servant of |       |       |       |    12 ||    12
 Abil: Heal Wounds       |     1 |     1 |    12 |    23 ||    37
Evoke: Wand              |       |       |       |     7 ||     7
  Use: Scroll            |       |       |    17 |     5 ||    22
       Potion            |       |       |     1 |     2 ||     3
 Stab: Distracted        |       |       |       |     1 ||     1
  Eat: Chunk             |     1 |     3 |     7 |    18 ||    29
       Ration            |       |       |       |     4 ||     4
Armor: Scale mail        |    26 |    17 |    39 |       ||    82
       Chain mail        |       |       |    73 |   334 ||   407
       Plate armour      |       |       |       |    19 ||    19
Dodge: Dodged            |    23 |    23 |    68 |   138 ||   252
Block: Kite shield       |    39 |    27 |   136 |   263 ||   465
       Tower shield      |       |       |       |   285 ||   285

Table legend:
 A = Non-vault XP
 B = Vault XP
 C = Vault XP percentage of total XP
 D = Non-vault monster count
 E = Vault monster count
 F = Vault count percentage of total count
                 A         B        C        D         E       F
            +---------+---------+-------+---------+---------+-------
      Total |   29117 |    4989 |  14.6 |     252 |      25 |   9.0
            +---------+---------+-------+---------+---------+-------
        D:1 |      16 |       2 |  11.1 |      10 |       1 |   9.1
        D:2 |      30 |       0 |   0.0 |      16 |       0 |   0.0
        D:3 |       2 |       0 |   0.0 |       2 |       0 |   0.0
        D:4 |     414 |       0 |   0.0 |      12 |       0 |   0.0
        D:5 |     591 |     205 |  25.8 |      23 |       1 |   4.2
        D:6 |     644 |       0 |   0.0 |      17 |       0 |   0.0
        D:7 |     718 |       0 |   0.0 |      12 |       0 |   0.0
        D:8 |    1187 |     584 |  33.0 |      15 |       9 |  37.5
        D:9 |     823 |       0 |   0.0 |      11 |       0 |   0.0
       D:10 |    3308 |       0 |   0.0 |      33 |       0 |   0.0
       D:11 |    1099 |     617 |  36.0 |      10 |       7 |  41.2
       D:12 |    5163 |    1007 |  16.3 |      33 |       1 |   2.9
       D:13 |    5543 |    1263 |  18.6 |      31 |       2 |   6.1
       D:14 |    5687 |    1311 |  18.7 |      21 |       4 |  16.0
       D:15 |    1628 |       0 |   0.0 |       5 |       0 |   0.0
    Abyss:2 |    2264 |       0 |   0.0 |       1 |       0 |   0.0
            +---------+---------+-------+---------+---------+-------
